 Dungeon Crawl Stone Soup version 0.28.0-43-g3370ac3207 (webtiles) character file.

Game seed: 14847942711304508295

3 Kae the Digger (level 1, -1/10 HPs)
             Began as a Gargoyle Earth Elementalist on Mar 17, 2022.
             Slain by a giant cockroach (2 damage)
             ... on level 1 of the Dungeon.
             The game lasted 00:01:28 (219 turns).

Kae the Digger (Gargoyle Earth Elementalist)         Turns: 219, Time: 00:01:29

Health: -1/10      AC:  4    Str: 11    XL:     1   Next: 50%
Magic:  3/3        EV: 11    Int: 15    God:
Gold:   22         SH:  0    Dex: 10    Spells: 3/4 levels left

rFire   . . .      SeeInvis .   a - +0 club
rCold   . . .      Faith    .   (no shield)
rNeg    + . .      Spirit   .   b - +0 robe
rPois   ∞          Reflect  .   (no helmet)
rElec   +          Harm     +   d - scarf {harm}
rCorr   .          Rampage  .   (no gloves)
Will    .....                   (no boots)
Stlth   ++........              (no amulet)
HPRegen 0.03/turn               (no ring)
MPRegen 0.08/turn               (no ring)

@: no status effects
A: sickness immunity, AC +2, negative energy resistance 1, electricity
resistance, torment resistance 1, petrification resistance
a: no special abilities


You were on level 1 of the Dungeon.
You visited 1 branch of the dungeon, and saw 1 of its levels.

You collected 22 gold pieces.

Inventory:

Hand Weapons
 a - a +0 club (weapon)
Missiles
 c - 34 stones
Armour
 b - a +0 robe (worn)
 d - a scarf of harm (worn)
Scrolls
 e - a scroll of vulnerability {unknown}


   Skills:
 + Level 1.5 Dodging
 + Level 2.1 Stealth
 + Level 2.1 Spellcasting
 + Level 0.7 Transmutations
 + Level 3.8 Earth Magic


You had 3 spell levels left.
You knew the following spells:

 Your Spells              Type           Power      Damage    Failure   Level
a - Sandblast             Erth           26%        2d8       4%          1

Your spell library contained the following spells:

 Spells                   Type           Power      Damage    Failure   Level
 Passwall                 Tmut/Erth      6%         N/A       13%         2
 Stone Arrow              Conj/Erth      14%        3d7       30%         3
 Petrify                  Tmut/Erth      8%         N/A       65%         4


Dungeon Overview and Level Annotations

Branches:
Dungeon (1/15)

Altars:


Innate Abilities, Weirdness & Mutations

You are immune to sickness and miasma.
Your stone body is resilient. (AC +2)
You are immune to poison.
You resist negative energy. (rN+)
You are resistant to electric shocks. (rElec)
You are resistant to unholy torment.
You are immune to petrification.


Message History

The endoplasm hits the bush but does no damage.
The endoplasm hits the plant.
The plant begins to die.
Something hits the bush but does no damage.
A giant cockroach comes into view.
Found a human skeleton.
Found a human skeleton.
The giant cockroach waves its antennae.
Found two human skeletons.
Found a human skeleton.
The giant cockroach waves its antennae.
The giant cockroach closely misses you.
You closely miss the hobgoblin.
The hobgoblin is moderately wounded.
The hobgoblin barely misses you. The giant cockroach bites you.
* * * LOW HITPOINT WARNING * * *
The hobgoblin barely misses you.
You barely miss the hobgoblin.
The hobgoblin is moderately wounded.
The giant cockroach barely misses you. The ball python barely misses you.
The ball python grabs you. The ball python constricts you.
The giant cockroach waves its antennae.
The giant cockroach barely misses you.
The hobgoblin hits you but does no damage.
The ball python bites you but does no damage.
The ball python constricts you.
You closely miss the hobgoblin.
The hobgoblin is moderately wounded.
The giant cockroach closely misses you.
The ball python bites you but does no damage.
The ball python constricts you.
* * * LOW HITPOINT WARNING * * *
The hobgoblin hits you but does no damage.
The giant cockroach closely misses you.
You escape the ball python's grasp.
A ball python comes into view.
Found a human skeleton.
Found a faded altar of an unknown god.
The ball python hisses angrily.
The giant cockroach barely misses you. The giant cockroach bites you.
You die...

###### #....####
.##..###. #....8.8#
#....#.#.##### #.8.S...#
.....................÷÷#
..♣P....#. #...#.8.÷..÷#
P. P.PP....#.#.........#
.♣♣♣.J♣P.... #@8....÷#
....PPP♣ ♣.## #gB.....#
.......♣♣♣P.####S#..÷._#
...#...♣PP.......#######
........P.......##
...#....P.......#
.........#......#
.#.......#......#
.#.........######


You could see a giant cockroach, a hobgoblin and 2 ball pythons.

Vanquished Creatures
  An endoplasm (D:1)
  A hobgoblin (D:1)
  A kobold (D:1)
3 creatures vanquished.

Vanquished Creatures (others)
  A plant (D:1)
1 creature vanquished.

Grand Total: 4 creatures vanquished

Notes
Turn   | Place    | Note
-------+----------+-------------------------------------------
     0 | D:1      | Kae the Gargoyle Earth Elementalist began the quest for the
                  | Orb.
     0 | D:1      | Reached XP level 1. HP: 10/10 MP: 3/3
   218 | D:1      | Found a faded altar of an unknown god.
   219 | D:1      | Slain by a giant cockroach

Illustrated notes

Levels and vault maps discovered:
D:1:      kilobyte_arrival_exit_the_forest, layout_loops_cross,
          shapermc_ecumenical_altar_pompeii, serial_forest,
          infiniplex_forest_clump_large, infiniplex_forest_clump_double,
          infiniplex_forest_clump_double, infiniplex_forest_straight_4,
          infiniplex_forest_end_3, infiniplex_forest_lined_room_2,
          infiniplex_forest_lined_2, st_stairs_6

Action                   || total
-------------------------++-------
Melee: Club              ||    13
       Unarmed           ||     1
Armor: Robe              ||     9
Dodge: Dodged            ||    19
